 Dungeon Crawl Stone Soup version 0.30-a0-591-g3c58d2bc28 (webtiles) character file.

Game seed: 8631893792147779176

8362 Leeroy the Carver (level 11, -5/72 HPs)
             Began as a Tengu Reaver on Jan 4, 2023.
             Was a Priest of Vehumet.
             Slain by a blink frog (11 damage)
             ... on level 2 of the Lair of Beasts.
             The game lasted 00:37:42 (11688 turns).

Leeroy the Carver (Tengu Reaver)                   Turns: 11688, Time: 00:37:43

Health: -5/72      AC:  7    Str: 13    XL:     11   Next: 29%
Magic:  12/15      EV: 18    Int: 22    God:    Vehumet [***...]
Gold:   553        SH:  0    Dex: 14    Spells: 0/14 levels left

rFire   . . .      SeeInvis .    G - +6 falchion (elec)
rCold   + . .      Faith    .    (no shield)
rNeg    . . .      Spirit   .    I - +2 robe {rC+}
rPois   .          Reflect  .    U - +2 hat
rElec   .          Harm     .    r - +0 cloak
rCorr   .          Rampage  .    (no gloves)
Will    +....                    (boots unavailable)
Stlth   +                        (no amulet)
HPRegen 0.32/turn                S - +6 ring of intelligence
MPRegen 0.14/turn                K - ring of willpower

@: about to teleport, flying quickly and evasively, hasted, very quick
A: beak, talons 3, nimble flight
a: Renounce Religion


You were on level 2 of the Lair of Beasts.
You worshipped Vehumet.
Vehumet was most pleased with you.
You visited 3 branches of the dungeon, and saw 12 of its levels.

You collected 667 gold pieces.
You spent 114 gold pieces at shops.

Inventory:

Hand Weapons
 a - a +0 falchion
 o - a +0 long sword
 x - a +0 dagger of venom
 y - a +0 hand axe of venom
 D - a +2 dagger of freezing
 G - a +6 falchion of electrocution (weapon)
 Y - a +1 scimitar of holy wrath
Armour
 b - a +0 leather armour
 r - a +0 cloak (worn)
 v - a +0 hat
 H - a +0 leather armour
 I - a +2 robe of cold resistance (worn)
 R - the +4 chain mail of Wu Jian's Approval {Int+3}
   (You found it on level 8 of the Dungeon)

   Int:       It affects your intelligence (+3).
 U - a +2 hat (worn)
Magical Staves
 T - a staff of poison
Jewellery
 K - a ring of willpower (right hand)
 N - an amulet of faith
 S - a +6 ring of intelligence (left hand)
Wands
 g - a wand of light (4)
 w - a wand of flame (42) (quivered)
 Q - a wand of iceblast (3)
 W - a wand of polymorph (6)
 X - a wand of paralysis (4)
Scrolls
 d - 2 scrolls of fear {unknown}
 f - 2 scrolls of noise {unknown}
 h - 7 scrolls of identify {unknown}
 i - 4 scrolls of enchant armour {unknown}
 k - 2 scrolls of blinking {unknown}
 m - 3 scrolls of butterflies {unknown}
 p - 3 scrolls of vulnerability {unknown}
 s - 3 scrolls of teleportation
 t - 3 scrolls of poison {unknown}
 u - 3 scrolls of magic mapping {unknown}
 z - a scroll of immolation {unknown}
 B - 3 scrolls of brand weapon
 L - 2 scrolls of fog {unknown}
 M - a scroll of amnesia {unknown}
 P - 2 scrolls of enchant weapon {unknown}
Potions
 c - 3 potions of might {unknown}
 e - 3 potions of invisibility {unknown}
 j - 6 potions of curing {unknown}
 l - 4 potions of degeneration {unknown}
 n - a potion of brilliance {unknown}
 q - 4 potions of magic {unknown}
 A - a potion of cancellation {unknown}
 C - a potion of attraction {unknown}
 E - a potion of haste
 F - 2 potions of berserk rage {unknown}
 J - 2 potions of lignification {unknown}
 O - 2 potions of resistance {unknown}


   Skills:
 - Level 10.0 Fighting
 + Level 12.9 Long Blades
 - Level 0.2(0.5) Maces & Flails
 - Level 0.2(0.5) Polearms
 - Level 0.7(0.9) Staves
 - Level 0.2 Ranged Weapons
 - Level 0.1 Throwing
 - Level 7.0 Dodging
 - Level 0.4 Shields
 - Level 2.0 Spellcasting
 - Level 8.1 Conjurations
 - Level 0.1 Hexes
 - Level 0.7 Summonings
 - Level 0.2 Transmutations
 - Level 0.1 Fire Magic
 - Level 0.2 Air Magic
 - Level 0.1 Poison Magic
 - Level 0.1 Invocations


You couldn't memorise any spells.
You knew the following spells:

 Your Spells              Type           Power      Damage    Failure   Level
a - Kiss of Death         Conj/Necr      80%        2d11      1%          1
b - Momentum Strike       Conj/Tloc      40%        3d9       1%          2
c - Hailstorm             Conj/Ice       20%        3d6       2%          3
d - Shock                 Conj/Air       80%        1d8       1%          1
e - Sticky Flame          Conj/Fire      20%        2d4       7%          4
f - Frozen Ramparts       Ice            4%         1d1       11%         3

Your spell library contained the following spells:

 Spells                   Type           Power      Damage    Failure   Level
 Ignite Poison            Fire/Tmut/Pois 3%         N/A       11%         3
 Passwall                 Tmut/Erth      1%         N/A       19%         2
 Ensorcelled Hibernation  Hex/Ice        4%         N/A       21%         2
 Confusing Touch          Hex            2%         N/A       36%         3
 Swiftness                Air            3%         N/A       36%         3
 Gell's Gravitas          Tloc           2%         N/A       38%         3
 Teleport Other           Tloc           2%         N/A       38%         3
 Dispel Undead            Necr           2%         3d7       80%         4
 Dispersal                Tloc           1%         N/A       100%        6
 Ignition                 Fire           1%         3d3       100%        8


Dungeon Overview and Level Annotations

Branches:
Dungeon (9/15)             Temple (1/1) D:5            Lair (2/5) D:8
    Orc (0/2) D:9
  Swamp: Lair:2-3    Shoals: Lair:2-3     Snake: Lair:2-3    Spider: Lair:2-3

Altars:
Ashenzari
Cheibriados
Dithmenos
Elyvilon
Fedhas
Gozag
Hepliaklqana
Kikubaaqudgha
Makhleb
Nemelex Xobeh
Okawaru
Qazlal
Ru
Sif Muna
Trog
Uskayaw
Vehumet
Wu Jian
Xom
Yredelemnul
Zin
The Shining One

Shops:
D:3 *=?   D:5 :


Innate Abilities, Weirdness & Mutations

You have a beak for a mouth.
You have claws for feet.
Your magical nature lets you fly swiftly and evasively.


Message History

The frozen ramparts melt away.
The blink frog is no longer moving slowly.
Casting: Frozen Ramparts (dangerous; 11% risk of failure)
Confirm with . or Enter, or press ? or * to list all spells.
Casting: Frozen Ramparts (dangerous; 11% risk of failure)
Press: ? - help, Dir - look around, f - activate The walls around you are covered in ice.
The frozen ramparts melt away.
The blink frog blinks!
The blink frog blinks! x2
You see here a yak corpse.
A yak comes into view.
The yak bellows!
The blink frog blinks!
You see here a +1 pair of gloves.
The yak bellows!
The blink frog blinks!
You see here a yak corpse.
The blink frog blinks!
The blink frog blinks!
The blink frog blinks!
A rime drake comes into view.
The rime drake hisses angrily.
The rime drake moves out of view.
The rime drake breathes ice at you. The icy flash freeze hits you!!
You partially resist.
* * * LOW HITPOINT WARNING * * *
You are encased in ice.
The blink frog blinks!
The rime drake closely misses you. The blink frog hits you!
* * * LOW HITPOINT WARNING * * *
The blink frog blinks!
Okay, then.
As you read the scroll of teleportation, it crumbles to dust.
You feel strangely unstable. The ice encasing you melts away.
The rime drake closely misses you.
You feel yourself speed up. The rime drake bites you.
* * * LOW HITPOINT WARNING * * *
The blink frog hits you!
You die...

##### ####### #######.#.#####
#.#.#P.###.#.#...P.##..###
.........................#
..........#.#.#..........#
..............+..........#
....#P..........#..........##
...##......#.P##รท...........#
...####.........@F.........##
...# ##........##k..Y......##
...###......#...#...........#
....###.....#......##.##...P#
...# ##.....#.+#..######..P.#
...###............# ##...##
..................# #....##
..................# #.F...#
..#####............ ##Y..##


You could see a yak, a blink frog and a rime drake.

Vanquished Creatures
  A two-headed ogre (D:8)
  A cane toad (Lair:1)
  A komodo dragon (Lair:1)
  7 blink frogs
  A wyvern (D:8)
  A wraith (D:9)
  7 yaks
  Eustachio (D:5)
  2 steam dragons (D:8)
  A naga (Lair:2)
  9 water moccasins
  3 black bears (D:8)
  An ogre (D:5)
  5 centaurs
  3 wolves (Lair:2)
  A kobold brigand (D:8)
  5 bullfrogs
  4 necrophages
  6 scorpions
  4 killer bees (D:9)
  A howler monkey (D:6)
  2 hounds
  A gnoll bouda (D:8)
  6 orc priests
  4 jellies
  8 iguanas
  Ijyb (D:5)
  7 orc wizards
  6 gnolls
  3 adders
  4 white imps
  An ufetubus (D:6)
  A worm (D:4)
  3 dart slugs (D:1)
  42 orcs
  3 ball pythons
  6 bats
  2 endoplasms (D:3)
  2 giant cockroaches
  5 goblins
  5 hobgoblins
  3 jackals (D:1)
  7 kobolds
  6 quokkas
  5 rats
198 creatures vanquished.

Vanquished Creatures (others)
  A wizard (D:5)
  52 fungi
  38 plants
91 creatures vanquished.

Grand Total: 289 creatures vanquished

Notes
Turn   | Place    | Note
-------+----------+-------------------------------------------
     0 | D:1      | Leeroy the Tengu Reaver began the quest for the Orb.
     0 | D:1      | Reached XP level 1. HP: 12/12 MP: 4/4
    68 | D:1      | Reached XP level 2. HP: 17/17 MP: 6/6
   198 | D:1      | Reached skill level 4 in Long Blades
   337 | D:1      | Reached XP level 3. HP: 21/21 MP: 7/7
   653 | D:1      | Learned a level 2 spell: Momentum Strike
   657 | D:1      | Learned a level 3 spell: Hailstorm
  1829 | D:3      | Found a faded altar of an unknown god.
  1897 | D:3      | Found Wyteg's Magic Scroll Boutique.
  1922 | D:3      | Reached skill level 5 in Long Blades
  2086 | D:3      | Found a sacrificial altar of Ru.
  2247 | D:4      | Reached XP level 4. HP: 26/26 MP: 8/8
  2343 | D:4      | Noticed a necrophage
  2354 | D:5      | Entered Level 5 of the Dungeon
  2655 | D:5      | Noticed Ijyb
  2669 | D:5      | Killed Ijyb
  2691 | D:5      | Noticed a scorpion
  2706 | D:5      | Killed a scorpion
  2707 | D:5      | Reached skill level 6 in Long Blades
  2707 | D:5      | Gained mutation: Your magical nature lets you fly swiftly
                  | and evasively. [Tengu growth]
  2707 | D:5      | Reached XP level 5. HP: 30/30 MP: 4/9
  2792 | D:5      | Found a staircase to the Ecumenical Temple.
  2819 | Temple   | Entered the Ecumenical Temple
  2819 | Temple   | Found a transporter.
  2819 | Temple   | Found a transporter.
  2846 | Temple   | Found a transporter.
  2846 | Temple   | Found a transporter.
  3037 | Temple   | Became a worshipper of Vehumet
  3087 | D:5      | Reached skill level 7 in Long Blades
  3087 | D:5      | Reached XP level 6. HP: 35/35 MP: 7/10
  3627 | D:4      | Found a snail-covered altar of Cheibriados.
  3694 | D:4      | Reached skill level 8 in Long Blades
  3707 | D:4      | Reached XP level 7. HP: 10/40 MP: 8/11
  3714 | D:4      | HP: 2/40 [poisoned by a scorpion]
  4238 | D:3      | Found Wuhygol's General Store.
  4321 | D:3      | Found Hugulov's Jewellery Shoppe.
  4611 | D:3      | Bought a scroll of brand weapon for 114 gold pieces
  4833 | D:5      | Reached skill level 5 in Dodging
  4930 | D:5      | Noticed Eustachio
  4947 | D:5      | Killed Eustachio
  5055 | D:5      | Reached XP level 8. HP: 37/44 MP: 12/12
  5157 | Temple   | Reached * piety under Vehumet
  5157 | Temple   | Offered knowledge of Shock by Vehumet.
  5659 | D:5      | Reached skill level 5 in Conjurations
  5684 | D:5      | Found Fula's Self-Improvement Boutique.
  5763 | D:5      | Found a bloodstained altar of Trog.
  5765 | D:5      | Noticed a wizard
  5770 | D:5      | Killed a wizard
  6683 | D:7      | Reached XP level 9. HP: 41/51 MP: 13/13
  6924 | D:7      | Learned a level 1 spell: Shock
  6929 | D:7      | Learned a level 4 spell: Sticky Flame
  7039 | D:7      | Reached ** piety under Vehumet
  7039 | D:7      | Offered knowledge of Searing Ray by Vehumet.
  7262 | D:7      | Reached skill level 5 in Fighting
  7453 | D:7      | Found an iron altar of Okawaru.
  7821 | D:8      | Found a staircase to the Lair.
  7928 | D:8      | Found a blossoming altar of Fedhas.
  7935 | D:8      | Identified the +4 chain mail of Wu Jian's Approval {Int+3}
  8056 | D:8      | Reached XP level 10. HP: 37/65 MP: 14/14
  8307 | D:8      | Found a shimmering altar of Xom.
  8316 | D:8      | Offered knowledge of Inner Flame by Vehumet.
  8331 | D:8      | Found a hide-covered altar of Uskayaw.
  8553 | D:8      | Noticed a two-headed ogre
  8837 | D:9      | Reached skill level 10 in Fighting
  9136 | D:8      | Killed a two-headed ogre
  9136 | D:8      | Reached *** piety under Vehumet
  9137 | D:8      | Reached skill level 9 in Long Blades
  9648 | D:9      | Found a staircase to the Orcish Mines.
  9702 | D:9      | Noticed a cyclops
 10033 | Lair:1   | Entered Level 1 of the Lair of Beasts
 10282 | Lair:1   | Offered knowledge of Frozen Ramparts by Vehumet.
 10283 | Lair:1   | Reached skill level 10 in Long Blades
 10498 | Lair:1   | Reached skill level 11 in Long Blades
 10812 | Lair:1   | Reached XP level 11. HP: 72/72 MP: 15/15
 10976 | Lair:1   | Reached skill level 12 in Long Blades
 10980 | Lair:1   | Learned a level 3 spell: Frozen Ramparts
 11688 | Lair:2   | Slain by a blink frog

Illustrated notes

Levels and vault maps discovered:
D:1:      heliophobic_arrival_dark_side_of_the_moon, layout_basic
D:2:      layout_basic, grunt_decor_mini_mirrors
D:3:      layout_basic, nicolae_ru_sacrificial_ziggurat,
          ebering_ecumenical_altar_mist, serial_shops,
          nicolae_shop_hallway_plus, shop, shop
D:4:      layout_basic, old_standard_altar, chequers_serial_rivers_room_b
D:5:      layout_loops_cross, trog_wizard, minmay_temple_entry_large_hall,
          minmay_misc_feat_columns, nicolae_shop_self_help, uniq_ijyb,
          uniq_eustachio
D:6:      layout_basic
D:7:      layout_cave_pools, kennysheep_mini
D:8:      layout_basic, mainiacjoe_overflow_catwalk,
          mainiacjoe_overflow_catwalk_spiral, due_lair_maze_entry_diamond
D:9:      layout_gridville, orc_0_dummy
Temple:   hellmonk_temple_divided_pantheon
Lair:1:   layout_regular_city
Lair:2:   layout_chaotic_city, elwin_shoals_entry_rocks,
          minmay_snake_entry_guardpost_small, gammafunk_ghost_icy,
          grunt_megastairs_3

Skill      XL: |  1  2  3  4  5  6  7  8  9 10 11 |
---------------+----------------------------------+-----
Long Blades    | 4 5 6 7 8 11 12 | 12.9
Dodging        | 3 6 7 |  7.0
Conjurations   | 7 8 |  8.1
Fighting       | 3 8 10 | 10.0
Maces & Flails | |  0.2
Polearms       | |  0.2
Staves         | |  0.7
Ranged Weapons | |  0.2
Throwing       | |  0.1
Shields        | |  0.4
Spellcasting   | |  2.0
Hexes          | |  0.1
Summonings     | |  0.7
Transmutations | |  0.2
Fire Magic     | |  0.1
Air Magic      | |  0.2
Poison Magic   | |  0.1
Invocations    | |  0.1

Action                   |  1- 3 |  4- 6 |  7- 9 | 10-12 || total
-------------------------+-------+-------+-------+-------++-------
Melee: Falchion          |    70 |       |   135 |   156 ||   361
       Kick              |    26 |    19 |    53 |    46 ||   144
       Peck              |    10 |    13 |    33 |    41 ||    97
       Long sword        |    44 |    70 |   111 |       ||   225
       Dagger            |       |       |     3 |       ||     3
       Punch             |       |       |     4 |       ||     4
 Cast: Momentum Strike   |     2 |    12 |    12 |     3 ||    29
       Hailstorm         |       |     2 |     8 |    14 ||    24
       Shock             |       |       |     8 |    11 ||    19
       Sticky Flame      |       |       |     1 |     3 ||     4
       Frozen Ramparts   |       |       |       |     4 ||     4
Evoke: Wand              |       |       |     4 |     1 ||     5
  Use: Potion            |       |     1 |     2 |     3 ||     6
       Scroll            |       |       |     2 |     3 ||     5
 Stab: Sleeping          |     2 |       |       |       ||     2
Armor: Leather armour    |    45 |    11 |    19 |       ||    75
       Robe              |       |       |    23 |    21 ||    44
Dodge: Dodged            |    77 |    38 |   237 |   175 ||   527

Table legend: (Time is in decaauts)
 A = Elapsed time spent in this place.
 B = Non-inter-level travel time spent in this place.
 C = Inter-level travel time spent in this place.
 D = Time resting spent in this place.
 E = Time spent auto-exploring this place.
 F = Levels seen in this place.
 G = Mean time per level.
                   A        B        C        D        E       F      G
               +--------+--------+--------+--------+--------+-----+--------+
         Total |  11193 |  10624 |    569 |   2019 |   6336 |  12 |  932.8 |
       Dungeon |   8865 |   8348 |    517 |   1224 |   5379 |   9 |  985.0 |
        Temple |    782 |    782 |      0 |    511 |     30 |   1 |  782.0 |
          Lair |   1544 |   1493 |     51 |    284 |    926 |   2 |  772.0 |
               +--------+--------+--------+--------+--------+-----+--------+

Top non-repeatable levels by time:
     D:8: 1677 daAuts
     D:5: 1438 daAuts
  Lair:1: 1236 daAuts
     D:3: 920 daAuts
     D:1: 902 daAuts
     D:4: 896 daAuts
     D:7: 887 daAuts
     D:2: 850 daAuts
     D:6: 804 daAuts
  Temple: 782 daAuts
     D:9: 487 daAuts
  Lair:2: 308 daAuts
